 Dungeon Crawl Stone Soup version 0.29-a0-866-g0545e20025 (webtiles) character file.

Game seed: 2380140638248079023

777 Malachi the Magician (level 8, -2/52 HPs)
             Began as a Djinni Wanderer on July 16, 2022.
             Slain by a shadow (4 damage)
             ... on level 5 of the Dungeon.
             The game lasted 00:06:36 (7030 turns).

Malachi the Magician (Djinni Wanderer)              Turns: 7030, Time: 00:06:36

Health: -2/52      AC:  3    Str: 11    XL:     8   Next: 10%
Gold:   163        EV: 11    Int: 19    God:
                   SH:  0    Dex: 10

rFire   + + .      SeeInvis .   i - +0 mace
rCold   x . .      Faith    .   (no shield)
rNeg    . . .      Spirit   .   s - +0 robe
rPois   ∞          Reflect  .   r - +0 helmet
rElec   .          Harm     .   (no cloak)
rCorr   .          Rampage  .   (no gloves)
Will    .....                   (boots unavailable)
Stlth   +.........              (no amulet)
HPRegen 0.17/turn               (no ring)
MPRegen 0.00/turn               (no ring)

@: flying
A: sickness immunity, fire resistance 2, cold vulnerability 1, float, innate
caster, HP casting, extra vitality 1
a: no special abilities


You were on level 5 of the Dungeon.
You visited 1 branch of the dungeon, and saw 5 of its levels.

You collected 263 gold pieces.
You spent 100 gold pieces at shops.

Inventory:

Hand Weapons
 a - a +0 club
 i - a +0 mace (weapon)
Armour
 c - a +0 scale mail
 r - a +0 helmet (worn)
 s - a +0 robe (worn)
Jewellery
 d - a ring of willpower
 o - a +6 ring of intelligence
 w - a ring of see invisible
Wands
 A - a wand of paralysis (12)
Scrolls
 e - 2 scrolls of immolation
 k - a scroll of torment
 m - a scroll of amnesia {unknown}
 q - a scroll of fog
 v - a scroll of vulnerability {unknown}
 y - a scroll of teleportation {unknown}
 z - a scroll of enchant weapon {unknown}
Potions
 b - 2 potions of brilliance
 f - a potion of invisibility {unknown}
 g - a potion of might {unknown}
 h - 3 potions of heal wounds
 j - a potion of magic {unknown}
 l - a potion of berserk rage {unknown}
 n - 2 potions of attraction {unknown}
 p - 5 potions of curing
 t - a potion of lignification {unknown}
 u - a potion of flight {unknown}
 x - 3 potions of mutation {unknown}
 B - a potion of resistance {unknown}


   Skills:
 - Level 1.0 Fighting
 - Level 4.0 Armour
 * Level 7.3 Spellcasting


You had 3 spell levels left.
You knew the following spells:

 Your Spells              Type           Power      Damage    Failure   Level
a - Apportation           Tloc           68%        N/A       1%          1
b - Gell's Gravitas       Tloc           34%        N/A       1%          3
c - Iskenderun's Mystic   Conj/Tloc      34%        2d8       4%          4
d - Searing Ray           Conj           68%        2d6       1%          2
e - Static Discharge      Conj/Air       34%        3-8/arc   1%          2
f - Shock                 Conj/Air       100%       1d9       1%          1
g - Ensorcelled Hibernat  Hex/Ice        68%        N/A       1%          2
h - Ignite Poison         Fire/Tmut/Pois 34%        N/A       1%          3

Your spell library contained the following spells:

 Spells                   Type           Power      Damage    Failure   Level


Dungeon Overview and Level Annotations

Branches:
Dungeon (5/15)
 Temple: D:4-7

Altars:
Uskayaw

Shops:
D:2 ![*   D:3 :!   D:4 *[

Annotations:
D:5 1 runed translucent door


Innate Abilities, Weirdness & Mutations

You are immune to sickness and miasma.
You are immune to poison.
Your flesh is very heat resistant. (rF++)
You are vulnerable to cold. (rC-)
You float through the air rather than walking.
You learn spells naturally, not from books.
Your magical power is your life essence.
You have superior vitality. (+4 MHP)


Message History

You are struck by an arc of lightning.
The phantom is struck by an arc of lightning!
The phantom is almost destroyed.
The lightning grounds out.
The phantom hits you.
The phantom blinks!
You blink.
Casting: Static Discharge (safe; 1% risk of failure)
Press: ? - help, Q - select action, (/) - cycle Dir - look around, f - activate The phantom is struck by an arc of lightning.
You destroy the phantom!
You are struck by an arc of lightning.
Unknown command.
Unknown command.
A shadow comes into view.
A shadow is nearby!
A shadow is nearby!
A shadow is nearby!
The shadow slips into darkness.
The shadow flickers and vanishes!
Deactivating autopickup; reactivate with Ctrl-A.
No target in view!
No target in view!
There is a strange disturbance nearby!
The shadow strikes at you from the darkness!
Ouch! That really hurt!
* * * LOW HITPOINT WARNING * * *
Reactivating autopickup.
You don't have enough health to cast this spell.
Unknown command.
Unknown command.
Unknown command.
You don't have enough health to cast this spell.
Unknown command.
You hit the shadow but do no damage. The shadow hits you.
* * * LOW HITPOINT WARNING * * *
You hit the shadow but do no damage. The shadow closely misses you.
You barely miss the shadow. The shadow closely misses you. x2
You hit the shadow.
The shadow is lightly damaged.
The shadow hits you.
You die...

......#.# ......#.# #+#
#.......#.# #.# #.....
#.# ####.###....
###.........#+#
#...........#.##+#####
###.#..................#
......W@...............#
##..##.#...............#
###.#........†.......#
#?.#........##+#'#####
#.)##....###+## #......
#:.. #...## ####### ..##
#...## # ......# #######
.....## #......


You could see a shadow.

Vanquished Creatures
  Sigmund (D:3)
  A phantom (D:5)
  A necrophage (D:4)
  4 scorpions (D:5)
  Jessica (D:2)
  An orc wizard (D:4)
  Robin (D:2)
  6 adders
  4 gnolls (D:4)
  An ufetubus (D:5)
  A worm (D:4)
  4 dart slugs
  6 orcs
  6 ball pythons
  2 bats
  9 endoplasms
  2 giant cockroaches (D:2)
  10 goblins
  6 hobgoblins
  7 jackals
  5 quokkas
  A goblin skeleton (D:5)
  5 kobolds
  2 rats
87 creatures vanquished.

Vanquished Creatures (others)
  A human (D:4)
1 creature vanquished.

Grand Total: 88 creatures vanquished

Notes
Turn   | Place    | Note
-------+----------+-------------------------------------------
     0 | D:1      | Malachi the Djinni Wanderer began the quest for the Orb.
     0 | D:1      | Malachi set off with the following items: a +0 club, a
                  | potion of brilliance, a +0 scale mailthe following spells
                  | memorised: Apportation, Gell's Gravitas, Iskenderun's
                  | Mystic Blast, Searing Ray, Static Discharge.
     0 | D:1      | Reached XP level 1. HP: 17/17 MP: 0/0
    43 | D:1      | You are sucked into a shaft and drop 1 floor!
   125 | D:2      | Found Isulaux's General Store.
   163 | D:1      | Reached XP level 2. HP: 18/22 MP: 0/0
   911 | D:2      | Reached skill level 4 in Spellcasting
   911 | D:2      | Reached XP level 3. HP: 20/27 MP: 0/0
   911 | D:2      | Learned a level 1 spell: Shock
  1171 | D:2      | Noticed Jessica
  1186 | D:2      | Killed Jessica
  1187 | D:2      | Reached XP level 4. HP: 9/32 MP: 0/0
  1573 | D:2      | Found Fytaobb's Armour Emporium.
  1829 | D:2      | Found Feyc's Distillery.
  1838 | D:2      | Bought a potion of heal wounds for 50 gold pieces
  1838 | D:2      | Bought a potion of heal wounds for 50 gold pieces
  2345 | D:2      | Noticed Robin
  2367 | D:2      | Reached XP level 5. HP: 5/37 MP: 0/0
  2367 | D:2      | Learned a level 2 spell: Ensorcelled Hibernation
  2370 | D:2      | Killed Robin
  3052 | D:3      | Noticed Sigmund
  3061 | D:3      | Killed Sigmund
  3062 | D:3      | Reached skill level 5 in Spellcasting
  3062 | D:3      | Reached XP level 6. HP: 4/42 MP: 0/0
  3505 | D:3      | Found Riph's Distillery.
  3511 | D:3      | Found Reify's Book Shop.
  4227 | D:4      | Found Daidiur's Armour Shop.
  4773 | D:4      | Found Duuffu's General Store.
  4802 | D:4      | Reached skill level 6 in Spellcasting
  4802 | D:4      | Reached XP level 7. HP: 21/47 MP: 0/0
  4802 | D:4      | Learned a level 3 spell: Ignite Poison
  5308 | D:4      | Found a hide-covered altar of Uskayaw.
  5665 | D:4      | Noticed a human
  5667 | D:4      | Killed a human
  6076 | D:5      | Entered Level 5 of the Dungeon
  6186 | D:5      | HP: 1/47 [/static electricity (4)]
  6524 | D:5      | Identified the +6 shortbow of Xeesuon {speed, rElec Str-4
                  | Dex+4}
  6526 | D:5      | Found a runed translucent door.
  6526 | D:5      | Noticed a human
  6877 | D:5      | Reached skill level 7 in Spellcasting
  6988 | D:5      | Reached XP level 8. HP: 47/52 MP: 0/0
  7023 | D:5      | Noticed a shadow
  7026 | D:5      | HP: 2/52 [something (34)]
  7030 | D:5      | Slain by a shadow

Illustrated notes

Levels and vault maps discovered:
D:1:      ncdulo_smallfort, layout_loops_ring
D:2:      layout_basic, serial_shops, nicolae_lakefront_shop, shop, shop_statue,
          kennysheep_generic_room_14, uniq_jessica, uniq_robin
D:3:      layout_rooms, serial_co_window_serial, co_window_paths_a,
          co_window_of_opportunity_a, co_window_corner_a, co_window_corner_a,
          co_window_paths_b, co_window_corner_a, co_window_paths_b,
          co_window_broadway_a, co_window_2corner, co_window_unsneaky_path_e,
          co_window_broadway_b, co_window_unsneaky_path_d, glass_columns_b,
          glass_columns_c, glass_columns_a, glass_columns_b, glass_columns_b,
          serial_shops, shop, shop, grunt_ministairs_2, uniq_sigmund
D:4:      layout_basic, tgw_kikubaaqudgha, nicolae_uskayaw_dance_hall,
          serial_shops, nicolae_take_the_stairs, nicolae_diamond_shop,
          st_stairs_5, grunt_ministairs_11
D:5:      layout_basic, dk_yredelemnul_ordeal, nicolae_vehumet_altar_sigil,
          nicolae_overflow_quartered_altars, portal_sewer_entry_d, st_stairs_14,
          minmay_manual_mess

Skill      XL: |  1  2  3  4  5  6  7 |
---------------+----------------------+-----
Spellcasting   | 4 5 6 7 |  7.3
Fighting       | |  1.0
Armour         | |  4.0

Action                   |  1- 3 |  4- 6 |  7- 9 || total
-------------------------+-------+-------+-------++-------
Melee: Club              |    25 |       |       ||    25
       Mace              |    39 |    95 |    14 ||   148
       Punch             |     1 |       |       ||     1
 Cast: Apportation       |     1 |     1 |       ||     2
       Static Discharge  |       |    22 |    29 ||    51
       Gell's Gravitas   |       |     3 |       ||     3
       Searing Ray       |       |     2 |       ||     2
  Use: Potion            |       |     1 |       ||     1
       Scroll            |       |       |     4 ||     4
Armor: Scale mail        |    41 |    58 |       ||    99
       Robe              |       |     6 |     9 ||    15
Dodge: Dodged            |    29 |    57 |    18 ||   104

Table legend: (Time is in decaauts)
 A = Elapsed time spent in this place.
 B = Non-inter-level travel time spent in this place.
 C = Inter-level travel time spent in this place.
 D = Time resting spent in this place.
 E = Time spent auto-exploring this place.
 F = Levels seen in this place.
 G = Mean time per level.
                   A        B        C        D        E       F      G
               +--------+--------+--------+--------+--------+-----+--------+
         Total |   7094 |   6939 |    155 |      0 |   6303 |   5 | 1418.8 |
       Dungeon |   7094 |   6939 |    155 |      0 |   6303 |   5 | 1418.8 |
               +--------+--------+--------+--------+--------+-----+--------+

Top non-repeatable levels by time:
     D:2: 2290 daAuts
     D:4: 1853 daAuts
     D:3: 1221 daAuts
     D:5: 957 daAuts
     D:1: 771 daAuts
